 Dungeon Crawl Stone Soup version 0.20.1-1-g8b1a95d66d (webtiles) character file.

163 NullDivider the Sneak (level 5, -9/35 HPs)
             Began as an Octopode Enchanter on Nov 21, 2017.
             Killed by nerve-wracking pain
             ... invoked by Grinder
              (12 damage)
             ... on level 3 of the Dungeon.
             The game lasted 00:18:35 (3390 turns).

NullDivider the Sneak (Octopode Enchanter)          Turns: 3390, Time: 00:18:36

Health: -9/35      AC:  1    Str:  8    XL:     5   Next: 44%
Magic:  8/8        EV: 14    Int: 17    God:
Gold:   218        SH:  0    Dex: 13    Spells: 7/8 levels left

rFire    . . .     SeeInvis .   a - +1 dagger
rCold    . . .     Gourm    .   (no shield)
rNeg     . . .     Faith    .   (helmet restricted)
rPois    .         Spirit   .   (no amulet)
rElec    .         Reflect  .   (no ring)
rCorr    .         Harm     .   (no ring)
MR       .....                  (no ring)
Stlth    ++++......             (no ring)
Regen    0.2/turn               (no ring)
MPRegen  0.2/turn               (no ring)
                                (no ring)
                                (no ring)

@: no status effects
A: almost no armour, stealthy swim, amphibious, 8 rings, constrict 8, camouflage
1, gelatinous body 1
a: no special abilities


You were on level 3 of the Dungeon.
You were not hungry.

You visited 1 branch of the dungeon, and saw 3 of its levels.

You collected 218 gold pieces.

Inventory:

Hand Weapons
 a - a +1 dagger (weapon)
Scrolls
 d - a scroll of identify {unknown}
 h - a scroll of remove curse
 k - 3 scrolls of teleportation
 l - a scroll of noise {unknown}
 m - a scroll of fog
 r - a scroll of fear {unknown}
Potions
 e - 3 potions of agility {unknown}
 f - 3 potions of heal wounds {unknown}
 n - a potion of curing {unknown}
 o - a potion of haste {unknown}
 p - a potion of resistance {unknown}
 q - a potion of mutation {unknown}
Books
 b - a book of Maledictions

   Spells                             Type                      Level
   a - Corona                         Hexes                        1
   b - Ensorcelled Hibernation        Hexes/Ice                    2
   c - Confuse                        Hexes                        3
   d - Tukima's Dance                 Hexes                        3
   e - Dazzling Spray                 Conjuration/Hexes            3
Comestibles
 c - a bread ration
 g - a meat ration
 i - 9 fruits
 j - 5 chunks of flesh


   Skills:
 * Level 2.4 Fighting
 * Level 2.9 Short Blades
 + Level 3.1 Dodging
 + Level 4.9 Stealth
 - Level 2.0 Spellcasting
 - Level 3.0 Hexes


You had 7 spell levels left.
You knew the following spells:

 Your Spells              Type           Power        Failure   Level  Hunger
a - Corona                Hex            ##.....      5%          1    #......


Dungeon Overview and Level Annotations

Branches:
Dungeon (3/15)

Altars:
Beogh

Annotations:
D:3 Grinder


Innate Abilities, Weirdness & Mutations

You cannot wear most types of armour.
You are very stealthy in the water. (Stealth+)
You are amphibious.
You can wear up to eight rings at the same time.
You can use your tentacles to constrict eight enemies at once.
Your skin changes colour to match your surroundings (Stealth+).
Your rubbery body absorbs attacks. (AC +1, EV +1)


Message History

You constrict Grinder, but do no damage.
Grinder closely misses you.
You hit Grinder but do no damage. You squeeze Grinder!
Grinder is lightly wounded.
You constrict Grinder. You hit Grinder but do no damage.
Grinder is moderately wounded.
You constrict Grinder. Grinder hits you!
You writhe in agony.
You hit Grinder but do no damage.
Grinder is moderately wounded.
You constrict Grinder, but do no damage.
Grinder says, "Just stop there for a second..."
Grinder hits you!
* * * LOW HITPOINT WARNING * * *
You writhe in agony.
* * * LOW HITPOINT WARNING * * *
You release your grip on Grinder.
Grinder gestures at you. Pain shoots through your body!
You die...

### #######.#####.# ### ..##
#.##....### #.. .# ...#
#.##..#.... #.# .# ...# #.......#
#.###.####.# #..# ####.รท.(...#
#........#.# #..#
#.........#########.......
#..#####.##......#.......#..#....
#..#...#.##..##..#.......#..5....
#........##..##.@#.......##.#....
.........##.......5......##.#<...
.........###.#####.......##......
...#...### #.# #.......####.##.
...#.### #. #.......# #.# .
...#.# ######### #.# <..#.# #.#
...#.# #.. .... ###


You could see Grinder.

Vanquished Creatures
  An orc priest (D:3)
  An orc wizard (D:2)
  2 adders
  2 oozes
  2 worms
  A dart slug (D:1)
  2 leopard geckos
  6 orcs
  A ball python (D:3)
  4 giant cockroaches
  6 goblins
  7 hobgoblins
  A quokka (D:2)
  9 bats
  9 frilled lizards
  9 kobolds
  5 rats
68 creatures vanquished.

Notes
Turn   | Place    | Note
-------+----------+-------------------------------------------
     0 | D:1      | NullDivider the Octopode Enchanter began the quest for the Orb.
     0 | D:1      | Reached XP level 1. HP: 11/11 MP: 3/3
   395 | D:1      | Reached XP level 2. HP: 15/18 MP: 5/5
   836 | D:1      | Reached skill level 1 in Fighting
  1082 | D:1      | Reached XP level 3. HP: 23/23 MP: 6/6
  1980 | D:2      | Reached XP level 4. HP: 28/28 MP: 7/7
  2755 | D:3      | Noticed Grinder
  3031 | D:3      | Found a roughly hewn altar of Beogh.
  3039 | D:3      | Reached XP level 5. HP: 34/34 MP: 8/8
  3390 | D:3      | Killed from afar by Grinder

Skill      XL: |  1  2  3  4 |
---------------+-------------+-----
Fighting       | 1 2 |  2.4
Short Blades   | 2 |  2.9
Dodging        | 3 |  3.1
Stealth        | |  4.9
Spellcasting   | |  2.0
Hexes          | |  3.0

Action                   |  1- 3 |  4- 6 || total
-------------------------+-------+-------++-------
Melee: Dagger            |    94 |    59 ||   153
       Constrict         |    20 |    13 ||    33
       Tentacles         |    13 |    12 ||    25
 Cast: Corona            |     4 |    10 ||    14
  Use: Scroll            |     2 |     1 ||     3
 Stab: Sleeping          |    16 |    11 ||    27
  Eat: Chunk             |     3 |     5 ||     8
Armor: Skin              |     5 |     1 ||     6
Dodge: Dodged            |    39 |    22 ||    61
